TOP OF THE 1ST |
San Diego Smashers batting - Pitching for Bismarck Barons : RHP Ron Martin
|
Pitching: RHP Ron Martin
|
|
Batting: LHB Michael Myers
|
0-0: Foul Ball, location: 2F 0-1: Ball 1-1: Foul Ball, location: 2F 1-2: SINGLE (Flyball, 89S)
|
Batting: RHB Gilberto Guzmán
|
0-0: Ball Michael Myers is caught stealing 2nd base 1-0: Ball 2-0: Ball 3-0: Called Strike 3-1: Base on Balls
|
Batting: LHB Ken Phillips
|
0-0: Called Strike 0-1: Ball 1-1: Swinging Strike 1-2: Foul Ball, location: 2F 1-2: Strikes out swinging
|
Batting: RHB Marty Hendrickson
|
0-0: Called Strike 0-1: Ball Gilberto Guzmán steals 2nd base 1-1: Ball 2-1: Ball 3-1: Base on Balls
|
Batting: LHB Ramiro Martínez
|
0-0: Swinging Strike 0-1: Ball 1-1: Foul Ball, location: 2F 1-2: Strikes out swinging
|
Top of the 1st over - 0 run(s), 1 hit(s), 0 error(s), 2 left on base; San Diego 0 - Bismarck 0 |
BOTTOM OF THE 1ST |
Bismarck Barons batting - Pitching for San Diego Smashers : LHP Rafael Alemán
|
Pitching: LHP Rafael Alemán
|
|
Batting: SHB Álex Hernández
|
0-0: Ball 1-0: Called Strike 1-1: SINGLE (Groundball, 6MD)
|
Batting: RHB Fernando Castellanos
|
0-0: Called Strike 0-1: Ball 1-1: Grounds into double play, 4-6-3 (Groundball, 34)
|
Batting: RHB Seiji Kouno
|
0-0: Ball 1-0: SINGLE (Flyball, 7S)
|
Batting: RHB Michael Thomas
|
0-0: Ball 1-0: Called Strike 1-1: Foul Ball, location: 2F 1-2: Strikes out looking
|
Bottom of the 1st over - 0 run(s), 2 hit(s), 0 error(s), 1 left on base; San Diego 0 - Bismarck 0 |
TOP OF THE 2ND |
San Diego Smashers batting - Pitching for Bismarck Barons : RHP Ron Martin
|
Batting: RHB Ricardo Guzmán
|
0-0: SINGLE (Groundball, 56D)
|
Batting: RHB Gustavo Torres
|
0-0: Ball Ricardo Guzmán is caught stealing 2nd base 1-0: Ball 2-0: Ball 3-0: Called Strike 3-1: Swinging Strike 3-2: Strikes out swinging
|
Batting: RHB Larry Turner
|
0-0: Foul Ball, location: 2F 0-1: Swinging Strike 0-2: Strikes out swinging
|
Top of the 2nd over - 0 run(s), 1 hit(s), 0 error(s), 0 left on base; San Diego 0 - Bismarck 0 |
BOTTOM OF THE 2ND |
Bismarck Barons batting - Pitching for San Diego Smashers : LHP Rafael Alemán
|
Batting: RHB Esteban Lara
|
0-0: Ball 1-0: Ball 2-0: Ball 3-0: Base on Balls
|
Batting: LHB John Frost
|
0-0: Ball 1-0: Ball 2-0: Ball 3-0: Base on Balls Esteban Lara to second
|
Batting: LHB José Martínez
|
0-0: Foul Ball, location: 2F 0-1: Fly out, F7 (Flyball, 7S)
|
Batting: LHB Jesús Bueno
|
0-0: Ball 1-0: SINGLE (Line Drive, 6) Esteban Lara to third John Frost to second Runner from 3rd tries for Home, SAFE, no throw
|
Batting: RHB Pancho Torres
|
0-0: Ball 1-0: Called Strike 1-1: Swinging Strike 1-2: Strikes out swinging
|
Batting: SHB Álex Hernández
|
0-0: Ball 1-0: Ball 2-0: Ground out 5-3 (Groundball, 56S)
|
Bottom of the 2nd over - 1 run(s), 1 hit(s), 0 error(s), 2 left on base; San Diego 0 - Bismarck 1 |
TOP OF THE 3RD |
San Diego Smashers batting - Pitching for Bismarck Barons : RHP Ron Martin
|
Batting: RHB Nate Atkinson
|
0-0: Swinging Strike 0-1: Ball 1-1: Fly out, F7 (Flyball, 78S)
|
Batting: LHB Michael Myers
|
0-0: Ball 1-0: Ball 2-0: Ball 3-0: Called Strike 3-1: Swinging Strike 3-2: Strikes out swinging, 2-3 out at first.
|
Batting: RHB Gilberto Guzmán
|
0-0: Called Strike 0-1: Ball 1-1: Foul Ball, location: 2F 1-2: Strikes out swinging
|
Top of the 3rd over - 0 run(s), 0 hit(s), 0 error(s), 0 left on base; San Diego 0 - Bismarck 1 |
BOTTOM OF THE 3RD |
Bismarck Barons batting - Pitching for San Diego Smashers : LHP Rafael Alemán
|
Batting: RHB Fernando Castellanos
|
0-0: Ball 1-0: Foul Ball, location: 2F 1-1: Ball 2-1: Foul Ball, location: 2F 2-2: Ball 3-2: Fly out, F8 (Flyball, 8LXD)
|
Batting: RHB Seiji Kouno
|
0-0: Foul Ball, location: 2F 0-1: Ground out 5-3 (Groundball, 56S)
|
Batting: RHB Michael Thomas
|
0-0: Ball 1-0: Ball 2-0: Ball 3-0: Called Strike 3-1: Foul Ball, location: 2F 3-2: Foul Ball, location: 2F 3-2: Fly out, F9 (Flyball, 89M)
|
Bottom of the 3rd over - 0 run(s), 0 hit(s), 0 error(s), 0 left on base; San Diego 0 - Bismarck 1 |
TOP OF THE 4TH |
San Diego Smashers batting - Pitching for Bismarck Barons : RHP Ron Martin
|
Batting: LHB Ken Phillips
|
0-0: Ball 1-0: Ball 2-0: Foul Ball, location: 2F 2-1: Ball 3-1: Base on Balls
|
Batting: RHB Marty Hendrickson
|
0-0: Called Strike 0-1: Ball 1-1: Ball 2-1: Ball 3-1: Base on Balls Ken Phillips to second
|
Batting: LHB Ramiro Martínez
|
0-0: Ball Passed Ball! Ken Phillips to third Marty Hendrickson to second 1-0: Swinging Strike 1-1: Swinging Strike 1-2: Ball 2-2: Strikes out looking
|
Batting: RHB Ricardo Guzmán
|
0-0: Ball 1-0: Ball 2-0: Called Strike 2-1: Swinging Strike 2-2: Foul Ball, location: 2F 2-2: Foul Ball, location: 2F 2-2: Strikes out looking
|
Batting: RHB Gustavo Torres
|
0-0: Ball 1-0: Called Strike 1-1: SINGLE (Groundball, 4D) Ken Phillips scores Marty Hendrickson to third Runner from 3rd tries for Home, SAFE, no throw
|
Batting: RHB Larry Turner
|
0-0: Called Strike 0-1: Ball 1-1: Swinging Strike 1-2: Strikes out swinging
|
Top of the 4th over - 2 run(s), 1 hit(s), 0 error(s), 1 left on base; San Diego 2 - Bismarck 1 |
BOTTOM OF THE 4TH |
Bismarck Barons batting - Pitching for San Diego Smashers : LHP Rafael Alemán
|
Batting: RHB Esteban Lara
|
0-0: Fly out, F8 (Flyball, 89D)
|
Batting: LHB John Frost
|
0-0: Foul Ball, location: 2F 0-1: Swinging Strike 0-2: Ground out U3 (Groundball, 3)
|
Batting: LHB José Martínez
|
0-0: Ball 1-0: Called Strike 1-1: Called Strike 1-2: Strikes out looking
|
Bottom of the 4th over - 0 run(s), 0 hit(s), 0 error(s), 0 left on base; San Diego 2 - Bismarck 1 |
TOP OF THE 5TH |
San Diego Smashers batting - Pitching for Bismarck Barons : RHP Ron Martin
|
Batting: RHB Nate Atkinson
|
0-0: Ball 1-0: Called Strike 1-1: Foul Ball, location: 2F 1-2: Strikes out swinging
|
Batting: LHB Michael Myers
|
0-0: Called Strike 0-1: Ball 1-1: Called Strike 1-2: Ground out 4-3 (Groundball, 4)
|
Batting: RHB Gilberto Guzmán
|
0-0: Ball 1-0: Foul Ball, location: 2F 1-1: Called Strike 1-2: Strikes out swinging
|
Top of the 5th over - 0 run(s), 0 hit(s), 0 error(s), 0 left on base; San Diego 2 - Bismarck 1 |
BOTTOM OF THE 5TH |
Bismarck Barons batting - Pitching for San Diego Smashers : LHP Rafael Alemán
|
Batting: LHB Jesús Bueno
|
0-0: Ground out 4-3 (Groundball, 4M)
|
Batting: RHB Pancho Torres
|
0-0: Called Strike 0-1: Swinging Strike 0-2: Ball 1-2: Foul Ball, location: 2F 1-2: Strikes out swinging
|
Batting: SHB Álex Hernández
|
0-0: Ball 1-0: Ground out 4-3 (Groundball, 4)
|
Bottom of the 5th over - 0 run(s), 0 hit(s), 0 error(s), 0 left on base; San Diego 2 - Bismarck 1 |
TOP OF THE 6TH |
San Diego Smashers batting - Pitching for Bismarck Barons : RHP Ron Martin
|
Batting: LHB Ken Phillips
|
0-0: Foul Ball, location: 2F 0-1: Ball 1-1: Foul Ball, location: 2F 1-2: Ball 2-2: Strikes out swinging
|
Batting: RHB Marty Hendrickson
|
0-0: Ball 1-0: Ground out 1-3 (Groundball, 13S)
|
Batting: LHB Ramiro Martínez
|
0-0: Ball 1-0: Ball 2-0: Ball 3-0: Foul Ball, location: 2F 3-1: Called Strike 3-2: Foul Ball, location: 2F 3-2: Foul Ball, location: 2F 3-2: Strikes out looking
|
Top of the 6th over - 0 run(s), 0 hit(s), 0 error(s), 0 left on base; San Diego 2 - Bismarck 1 |
BOTTOM OF THE 6TH |
Bismarck Barons batting - Pitching for San Diego Smashers : LHP Rafael Alemán
|
Batting: RHB Fernando Castellanos
|
0-0: Ball 1-0: Called Strike 1-1: Fly out, F8 (Flyball, 8RXD)
|
Batting: RHB Seiji Kouno
|
0-0: Called Strike 0-1: Foul Ball, location: 2F 0-2: SINGLE (Line Drive, 5D)
|
Batting: RHB Michael Thomas
|
0-0: Called Strike 0-1: SINGLE (Groundball, 6MD) Seiji Kouno to second
|
Batting: RHB Esteban Lara
|
0-0: Ball 1-0: Swinging Strike 1-1: Foul Ball, location: 2F 1-2: Ball Wild Pitch! Seiji Kouno to third Michael Thomas to second 2-2: Foul Ball, location: 2F 2-2: Foul Ball, location: 2F 2-2: Ball 3-2: Base on Balls
|
Batting: LHB John Frost
|
0-0: Swinging Strike 0-1: Ball 1-1: Swinging Strike 1-2: Ball 2-2: Fly out, F9 (Flyball, 9LS) Runner from 3rd tags up, SCORES, no throw
|
Batting: LHB José Martínez
|
0-0: Called Strike 0-1: Called Strike 0-2: Strikes out looking
|
Bottom of the 6th over - 1 run(s), 2 hit(s), 0 error(s), 2 left on base; San Diego 2 - Bismarck 2 |
TOP OF THE 7TH |
San Diego Smashers batting - Pitching for Bismarck Barons : RHP Ron Martin
|
Pitching: RHP Edgar Villa
|
|
Batting: RHB Ricardo Guzmán
|
0-0: Fly out, F9 (Flyball, 89S)
|
Pinch Hitting: RHB Fred Ameris
|
0-0: Called Strike 0-1: Foul Ball, location: 2F 0-2: Strikes out swinging
|
Pinch Hitting: LHB Jaime Icaza
|
0-0: Called Strike 0-1: DOUBLE (Flyball, 8RXD)
|
Batting: RHB Nate Atkinson
|
0-0: Ball 1-0: SINGLE (Line Drive, 6MD) Jaime Icaza to third Runner from 3rd tries for Home, SAFE, no throw
|
Batting: LHB Michael Myers
|
0-0: Called Strike 0-1: Ball 1-1: Ball 2-1: Foul Ball, location: 2F 2-2: Fly out, F8 (Flyball, 78D)
|
Top of the 7th over - 1 run(s), 2 hit(s), 0 error(s), 1 left on base; San Diego 3 - Bismarck 2 |
BOTTOM OF THE 7TH |
Bismarck Barons batting - Pitching for San Diego Smashers : LHP Rafael Alemán
|
Now at 3B: Fletcher Reed
|
|
Now in LF: Jaime Icaza
|
|
Batting: LHB Jesús Bueno
|
0-0: Ball 1-0: Ball 2-0: Ground out 6-3 (Groundball, 6)
|
Batting: RHB Pancho Torres
|
0-0: Called Strike 0-1: Ball 1-1: Ball 2-1: Ball 3-1: Base on Balls
|
Batting: SHB Álex Hernández
|
0-0: Ball 1-0: Foul Ball, location: 2F 1-1: Fielders Choice at 2nd, 4-6 (Groundball, 4M)
|
Pitching: RHP Joe Shoemaker
|
|
Batting: RHB Fernando Castellanos
|
0-0: SINGLE (Groundball, 6) (infield hit) Álex Hernández to second
|
Batting: RHB Seiji Kouno
|
0-0: Ball 1-0: Ball 2-0: Foul Ball, location: 2F 2-1: Foul Ball, location: 2F 2-2: Ball 3-2: SINGLE (Line Drive, 89S) Álex Hernández to third Fernando Castellanos to second Álex Hernández scores Fernando Castellanos to third
|
Pinch Hitting: SHB Manuel Hegnauer
|
0-0: Foul Ball, location: 2F 0-1: Foul Ball, location: 2F 0-2: Ball 1-2: SINGLE (Line Drive, 9S) Fernando Castellanos scores Seiji Kouno to second Runner from 2nd tries for 3rd, SAFE, throw made to third
|
Pitching: RHP Carlos Trujillo
|
|
Batting: RHB Esteban Lara
|
0-0: Called Strike 0-1: Fly out, F9 (Flyball, 9)
|
Bottom of the 7th over - 2 run(s), 3 hit(s), 0 error(s), 2 left on base; San Diego 3 - Bismarck 4 |
TOP OF THE 8TH |
San Diego Smashers batting - Pitching for Bismarck Barons : RHP Edgar Villa
|
Pitching: RHP César Sánchez
|
|
Now at 1B: Jeff Chambers
|
|
Now at SS: Dennis Garner
|
|
Batting: RHB Gilberto Guzmán
|
0-0: Ball 1-0: Swinging Strike 1-1: Ball 2-1: Ball 3-1: Called Strike 3-2: Foul Ball, location: 2F 3-2: Strikes out swinging
|
Pitching: LHP Christiano Gomes
|
|
Batting: LHB Ken Phillips
|
0-0: Ball 1-0: Foul Ball, location: 2F 1-1: Swinging Strike 1-2: Ball 2-2: SINGLE (Groundball, 4MD)
|
Pinch Runner at 1st Joe Baker:
|
|
Batting: RHB Marty Hendrickson
|
0-0: Fly out, F8 (Line Drive, 89M)
|
Batting: LHB Ramiro Martínez
|
0-0: Ball 1-0: Ball 2-0: Foul Ball, location: 2F 2-1: Called Strike 2-2: Fly out, F7 (Line Drive, 78M)
|
Top of the 8th over - 0 run(s), 1 hit(s), 0 error(s), 1 left on base; San Diego 3 - Bismarck 4 |
BOTTOM OF THE 8TH |
Bismarck Barons batting - Pitching for San Diego Smashers : RHP Carlos Trujillo
|
Pitching: LHP Nesto Pérez
|
|
Now at 1B: Joe Baker
|
|
Batting: LHB John Frost
|
0-0: Called Strike 0-1: Swinging Strike 0-2: Ball 1-2: Fly out, F3 (Line Drive, 34)
|
Batting: LHB José Martínez
|
0-0: Swinging Strike 0-1: Called Strike 0-2: Ball 1-2: Ball 2-2: Foul Ball, location: 2F 2-2: SINGLE (Line Drive, 4D)
|
Pitching: LHP Jesús Martínez
|
|
Pinch Hitting: RHB Jon Krohne
|
0-0: Swinging Strike 0-1: Called Strike 0-2: Ball 1-2: Strikes out swinging
|
Batting: RHB Pancho Torres
|
0-0: Ball 1-0: Fielders Choice at 2nd, 5-4 (Groundball, 5)
|
Bottom of the 8th over - 0 run(s), 1 hit(s), 0 error(s), 0 left on base; San Diego 3 - Bismarck 4 |
TOP OF THE 9TH |
San Diego Smashers batting - Pitching for Bismarck Barons : LHP Christiano Gomes
|
Pitching: RHP Wilson Molina
|
|
Now at 3B: Mark Roy
|
|
Now in RF: Jon Krohne
|
|
Batting: RHB Ricardo Guzmán
|
0-0: Swinging Strike 0-1: Ball 1-1: Called Strike 1-2: SOLO HOME RUN (Flyball, 7LD), Distance : 320 ft
|
Pinch Hitting: RHB Armando Colón
|
0-0: Ball 1-0: DOUBLE (Flyball, 78M)
|
Batting: LHB Jaime Icaza
|
0-0: Intentional Walk
|
Pinch Hitting: SHB Michael Aisher
|
0-0: Called Strike 0-1: Ball 1-1: Called Strike 1-2: Ball 2-2: Strikes out swinging
|
Batting: LHB Michael Myers
|
0-0: Foul Ball, location: 2F 0-1: Ball 1-1: Called Strike Throwing error on steal attempt, E2 Armando Colón scores Jaime Icaza to third 1-2: Foul Ball, location: 2F 1-2: Fly out, F6 (Popup, 6)
|
Batting: RHB Gilberto Guzmán
|
0-0: Foul Ball, location: 2F 0-1: Called Strike 0-2: Ball 1-2: Strikes out looking
|
Top of the 9th over - 2 run(s), 2 hit(s), 1 error(s), 1 left on base; San Diego 5 - Bismarck 4 |
BOTTOM OF THE 9TH |
Bismarck Barons batting - Pitching for San Diego Smashers : LHP Jesús Martínez
|
Pitching: LHP Jerry Beck
|
|
Now at C: John Bryant
|
|
Now at 3B: Michael Aisher
|
|
Now at SS: Walt Rodgers
|
|
Batting: RHB Mark Roy
|
0-0: Ball 1-0: Ground out 6-3 (Groundball, 6)
|
Batting: RHB Fernando Castellanos
|
0-0: Ball 1-0: Swinging Strike 1-1: Ground out 1-3 (Groundball, 13)
|
Batting: SHB Jeff Chambers
|
0-0: Ball 1-0: Foul Ball, location: 2F 1-1: Swinging Strike 1-2: Foul Ball, location: 2F 1-2: Foul Ball, location: 2F 1-2: Ball 2-2: Foul Ball, location: 2F 2-2: Strikes out swinging
|
Bottom of the 9th over - 0 run(s), 0 hit(s), 0 error(s), 0 left on base; San Diego 5 - Bismarck 4 |
|